 Dungeon Crawl Stone Soup version 0.31-a0-702-gf82c85558f (webtiles) character file.

Game seed: 15973104392562269493

305 demibob the Cleaver (level 6, -5/51 HPs)
             Began as a Hill Orc Chaos Knight on Sept 8, 2023.
             Was a Plaything of Xom.
             Slain by a gnoll
             ... wielding a +0 halberd
              (7 damage)
             ... on level 3 of the Dungeon.
             The game lasted 00:03:20 (2792 turns).

demibob the Cleaver (Hill Orc Chaos Knight)         Turns: 2792, Time: 00:03:20

Health: -5/51      AC:  5    Str: 17    XL:     6   Next: 39%
Magic:  6/6        EV: 11    Int: 12    God:    Xom [.*....]
Gold:   93         SH:  0    Dex: 10    Spells: 5/5 levels left

rFire   . . .        a - +0 war axe
rCold   . . .        (no shield)
rNeg    . . .        b - +2 leather armour
rPois   .            (no helmet)
rElec   .            (no cloak)
rCorr   .            (no gloves)
SInv    +            (no boots)
Will    .....        (no amulet) Stlth
                     v - ring of see invisible
HPRegen 0.28/turn    (no ring)
MPRegen 0.10/turn

%: no passive effects
@: silenced, on berserk cooldown, slowed, very slow
A: no striking features
a: Renounce Religion


You were on level 3 of the Dungeon.
You worshipped Xom.
You were a plaything of Xom.
You visited 1 branch of the dungeon, and saw 3 of its levels.

You collected 93 gold pieces.


   Skills:
 - Level 3.6 Fighting
 + Level 9.2 Axes
 - Level 2.1 Armour
 - Level 0.7 Dodging


You had 5 spell levels left.
You didn't know any spells.
Your spell library contained the following spells:

 Spells                   Type           Power      Damage    Failure   Level
 Foxfire                  Conj/Fire      0%         2x1d4     36%         1
 Plasma Beam              Fire/Air       0%         2x1d10    100%        6
 Starburst                Conj/Fire      0%         6d3       100%        6

Inventory:

Hand Weapons
 a - a +0 war axe (weapon)
 d - a +1 hand axe of chaos
Armour
 b - a +2 leather armour (worn)
 k - a +0 helmet
Jewellery
 v - a ring of see invisible (left hand)
 T - a +4 ring of protection
Scrolls
 c - a scroll of butterflies
 f - a scroll of blinking
 h - 2 scrolls of enchant weapon
Potions
 e - a potion of magic

Dungeon Overview and Level Annotations

Branches:
Dungeon (3/15)

Altars:
Cheibriados
Okawaru

Shops:
D:1

: ..##.........#.#g#
..##.........#.#g.
..##.........#.####
..##.........#.#
..##.........#.#####
.###...............# .#
#..........g###.# .#
###.#....#....#.# +▓▓
.#####.####.#.##@#.### ▓..
....##.####.#.#......## #.
▓.⚑
###.##......#......#..##...
▓..
.......####......###.#.#.#
▓≈≈
.##.##.###...##.##.<.....
▓..
.##...........#.##.#...#.#
▓.⚑
.#####.#.#...##.##.#......
▓..
.#####.#.##.###......###.#
▓▓▓ .......#.####
####.......#


You could see a gnoll.


Message History

The gnoll attacks as it pursues you! The gnoll barely misses you.
A red film seems to cover your vision as you go berserk!
You feel yourself moving faster!
You feel mighty! The gnoll hits you with a +0 flail!
* * * LOW HITPOINT WARNING * * *
You slash the gnoll!
You kill the gnoll!
You slash the gnoll!
You kill the gnoll!
You swing at nothing.
You swing at nothing.
You feel a strong urge to attack something.
You swing at nothing.
You are no longer berserk.
You are exhausted.
You feel yourself slow down.
As you read the scroll labelled KENOWU KIPP, it crumbles to dust.
It is a scroll of amnesia.
You feel forgetful for a moment.
As you read the scroll labelled ZIGERGHEOSOE, it crumbles to dust.
A profound silence engulfs you.
It was a scroll of silence.
You aren't carrying any items that you can evoke.
The gnoll barely misses you. The gnoll attacks as it pursues you!
The gnoll hits you from afar with a +0 halberd!
* * * LOW HITPOINT WARNING * * *
The gnoll hits you from afar with a +0 halberd.
* * * LOW HITPOINT WARNING * * *
The gnoll hits you from afar with a +0 halberd!
You die...

Skill      XL: |  1  2  3  4  5  6 |
---------------+-------------------+-----
Axes           | 5 8 9 |  9.2
Fighting       | |  3.6
Armour         | |  2.1
Dodging        | |  0.7

Action                     |  1- 3 |  4- 6 || total
---------------------------+-------+-------++-------
  Melee: Hand axe          |    62 |    91 ||   153
         War axe           |       |    36 ||    36
         Punch             |       |     1 ||     1
    Use: Scroll            |     2 |     6 ||     8
         Potion            |     1 |     1 ||     2
   Stab: Distracted        |       |     1 ||     1
         Paralysed         |       |     1 ||     1
 Armour: Leather armour    |    45 |    64 ||   109
  Dodge: Dodged            |    26 |    63 ||    89

Levels and vault maps discovered:
D:1:      shiori_shiawase, layout_basic, nicolae_shop_vocational
D:2:      layout_basic, guppyfry_early_orc_mine, uniq_robin, uniq_sigmund
D:3:      layout_loops_cross, mainiacjoe_overflow_divided_tiny,
          minmay_lizard_king

Notes
Turn   | Place    | Note
-------+----------+-------------------------------------------
     0 | D:1      | demibob the Hill Orc Chaos Knight began the quest for the
                  | Orb.
     0 | D:1      | Reached XP level 1. HP: 19/19 MP: 1/1
    30 | D:1      | XOM: divination: detect creatures
    53 | D:1      | XOM: silly message
    65 | D:1      | Reached XP level 2. HP: 26/26 MP: 2/2
    74 | D:1      | Reached skill level 5 in Axes
   181 | D:1      | XOM: silly message
   323 | D:1      | Found Goshraet's Vocational Training.
   350 | D:1      | Reached XP level 3. HP: 31/31 MP: 3/3
   356 | D:1      | XOM: divination: detect items
   454 | D:1      | XOM: silly message
   880 | D:2      | Noticed Sigmund
   881 | D:2      | XOM: potion effect (haste)
   886 | D:2      | XOM: noise
   887 | D:2      | Killed Sigmund
   888 | D:2      | Reached skill level 8 in Axes
   888 | D:2      | Reached XP level 4. HP: 13/39 MP: 4/4
   888 | D:2      | Reached XP level 5. HP: 15/45 MP: 5/5
  1027 | D:2      | XOM: silly message
  1539 | D:2      | Noticed Robin
  1555 | D:2      | Killed Robin
  1556 | D:2      | Reached XP level 6. HP: 48/51 MP: 6/6
  2248 | D:3      | Reached skill level 9 in Axes
  2518 | D:3      | XOM: silly message
  2531 | D:3      | Found an iron altar of Okawaru.
  2532 | D:3      | Found a snail-covered altar of Cheibriados.
  2790 | D:3      | HP: 2/51 [gnoll/+0 halberd (5)]
  2792 | D:3      | Slain by a gnoll

Vanquished Creatures
  Sigmund (D:2)
  An orc priest (D:3)
  Robin (D:2)
  3 gnolls
  6 orcs
  2 bats
  4 endoplasms
  3 giant cockroaches
  15 goblins
  8 hobgoblins
  3 jackals (D:1)
  3 kobolds
  4 quokkas
  4 ball pythons
  11 frilled lizards
  5 rats
74 creatures vanquished.

Table legend: (Time is in decaauts)
 A = Elapsed time spent in this place.
 B = Non-inter-level travel time spent in this place.
 C = Inter-level travel time spent in this place.
 D = Time resting spent in this place.
 E = Time spent auto-exploring this place.
 F = Levels seen in this place.
 G = Mean time per level.
                   A        B        C        D        E       F      G
               +--------+--------+--------+--------+--------+-----+--------+
         Total |   2766 |   2663 |    103 |    287 |   1977 |   3 |  922.0 |
       Dungeon |   2766 |   2663 |    103 |    287 |   1977 |   3 |  922.0 |
               +--------+--------+--------+--------+--------+-----+--------+

Top non-repeatable levels by time:
     D:2: 1469 daAuts
     D:1: 737 daAuts
     D:3: 559 daAuts

Table legend:
 A = Non-vault XP
 B = Vault XP
 C = Vault XP percentage of total XP
 D = Non-vault monster count
 E = Vault monster count
 F = Vault count percentage of total count
                 A         B        C        D         E       F
            +---------+---------+-------+---------+---------+-------
      Total |     156 |     281 |  64.3 |      46 |      28 |  37.8
            +---------+---------+-------+---------+---------+-------
        D:1 |      48 |       0 |   0.0 |      21 |       0 |   0.0
        D:2 |      26 |     272 |  91.3 |      16 |      19 |  54.3
        D:3 |      82 |       9 |   9.9 |       9 |       9 |  50.0
            +---------+---------+-------+---------+---------+-------
